 Dungeon Crawl Stone Soup version 0.25-a0-294-gea9b1ad378 (webtiles) character file.

Game seed: 6521920658531549646, levelgen mode: classic

4713 Borgoz the Protected (level 10, 0/56 HPs)
             Began as a Gargoyle Berserker on Dec 19, 2019.
             Was an Elder of Trog.
             Slain by a two-headed ogre
             ... wielding a +0 giant club
              (7 damage)
             ... on level 9 of the Dungeon.
             The game lasted 00:11:28 (8356 turns).

Borgoz the Protected (Gargoyle Berserker)           Turns: 8356, Time: 00:11:28

Health: 0/56       AC: 19    Str: 21    XL:     10   Next: 45%
Magic:  10/10      EV: 16    Int:  8    God:    Trog [****..]
Gold:   397        SH:  0    Dex: 17    Spells: 9/9 levels left

rFire    . . .     SeeInvis .   u - +10 mace of World's End {crush, MR+}
rCold    . . .     Gourm    .   (no shield)
rNeg     + . .     Faith    .   D - +0 ring mail (curse)
rPois    ∞         Spirit   .   C - +2 hat
rElec    +         Reflect  .   (no cloak)
rCorr    .         Harm     .   w - +0 pair of gloves
MR       +....                  r - +0 pair of boots
Stlth    +.........             g - amulet of rage
HPRegen  0.18/turn              h - +5 ring of dexterity
MPRegen  0.12/turn              t - +3 ring of slaying

@: no status effects
A: negative energy resistance 1, electricity resistance, unbreathing,
petrification resistance, rot immunity, AC +7
a: Berserk, Trog's Hand, Brothers in Arms, Renounce Religion, Evoke Berserk Rage


You were on level 9 of the Dungeon.
You worshipped Trog.
Trog was greatly pleased with you.
You were not hungry.

You visited 1 branch of the dungeon, and saw 9 of its levels.

You collected 445 gold pieces.
You spent 48 gold pieces at shops.

Inventory:

Hand Weapons
 a - a +0 falchion
 u - the +10 mace of World's End (weapon) {crush, MR+}
   (You found it on level 5 of the Dungeon)

   It inflicts extra damage upon your enemies.
   It affects your resistance to hostile enchantments.
Missiles
 v - 2 throwing nets (quivered)
Armour
 r - a +0 pair of boots (worn)
 w - a +0 pair of gloves (worn)
 C - a +2 hat (worn)
 D - a cursed +0 ring mail (worn)
Jewellery
 g - an amulet of rage (around neck)
 h - a +5 ring of dexterity (left hand)
 t - a +3 ring of slaying (right hand)
Wands
 d - a wand of polymorph (8)
 s - a wand of flame (38)
 A - a wand of digging (7)
 B - a wand of paralysis (5)
Scrolls
 b - a scroll of immolation {unknown}
 e - 2 scrolls of identify
 f - a scroll of blinking {unknown}
 i - 3 scrolls of teleportation
 k - 3 scrolls of enchant weapon {unknown}
 n - a scroll of fog {unknown}
 o - 2 scrolls of fear {unknown}
 p - 7 scrolls of remove curse {unknown}
 y - a scroll of noise {unknown}
 F - 2 scrolls of holy word {unknown}
Potions
 j - 4 potions of haste
 l - 2 potions of agility
 m - a potion of ambrosia {unknown}
 q - a potion of lignification
 x - 2 potions of might
 z - 2 potions of curing
Comestibles
 c - 10 rations
 E - 4 chunks of flesh


   Skills:
 - Level 3.2 Fighting
 + Level 8.5 Long Blades
 + Level 9.7 Armour
 + Level 7.4 Dodging


You had 9 spell levels left.
You didn't know any spells.
Your spell library was empty.

Dungeon Overview and Level Annotations

Branches:
Dungeon (9/15)             Temple (0/1) D:7            Lair (0/6) D:8
    Orc: D:9-12

Altars:
Dithmenos
Elyvilon
Kikubaaqudgha
Makhleb
Okawaru
Qazlal
Ru
Sif Muna
Wu Jian
Xom
Yredelemnul
The Shining One

Shops:
D:5 =   D:6 !


Innate Abilities, Weirdness & Mutations

You are resistant to torment.
Your stone body is resilient. (AC +7)
You are immune to poison.
You resist negative energy. (rN+)
You are resistant to electric shocks. (rElec)
You can survive without breathing.
You are immune to petrification.
You are immune to rotting.


Message History

The two-headed ogre is moderately wounded.
The two-headed ogre struggles against the net.
You hit the two-headed ogre but do no damage.
The two-headed ogre is moderately wounded.
The two-headed ogre struggles against the net. x2
You thump the two-headed ogre!
The two-headed ogre is heavily wounded.
The two-headed ogre struggles against the net.
You catch the helpless two-headed ogre completely off-guard!
You sock the two-headed ogre!
The two-headed ogre is severely wounded.
The two-headed ogre struggles against the net.
The net rips apart, and the two-headed ogre comes free!
The two-headed ogre hits you with a +0 giant club!
* * * LOW HITPOINT WARNING * * *
The two-headed ogre hits you but does no damage.
You hit the two-headed ogre.
The two-headed ogre is severely wounded.
The two-headed ogre hits you with a +0 giant club!
You die...

#.. ...# +..# ...#
#..# ####...# #..#
#......# #...
#......########...
#.................
#O................
###@.# #.......).
#?...# +.........
#....# #.........
#....# #......###
#....######.>....#
#................#
#.......######...#
#...##### #...#
##### #####


You could see a two-headed ogre.

Vanquished Creatures
  Harold (D:7)
  A two-headed ogre (D:8)
  Pikel (D:4)
  A yak (D:8)
  2 porcupines (D:8)
  Duvessa (D:7)
  An orc warrior (D:8)
  An ice beast (D:8)
  4 slaves (D:4)
  A black bear (D:8)
  2 sky beasts
  4 ogres
  A phantom (D:9)
  2 centaurs
  6 bullfrogs
  Dowan (D:7)
  2 scorpions
  4 crimson imps
  A quasit (D:7)
  3 jellies
  3 hounds
  4 orc priests
  A centaur skeleton (D:6)
  An iguana (D:6)
  2 worker ants
  An orc wizard (D:7)
  A howler monkey zombie (D:6)
  5 gnolls
  8 adders
  A shadow imp (D:8)
  2 oozes
  A worm (D:3)
  2 dart slugs
  8 leopard geckos
  22 orcs
  12 bats
  5 giant cockroaches
  8 goblins
  5 hobgoblins
  12 jackals
  4 quokkas
  4 ball pythons
  9 frilled lizards
  9 kobolds
  2 leopard gecko skeletons
  7 rats
  A rat zombie (D:6)
180 creatures vanquished.

Vanquished Creatures (others)
  2 fungi (D:8)
2 creatures vanquished.

Grand Total: 182 creatures vanquished

Notes
Turn   | Place    | Note
-------+----------+-------------------------------------------
     0 | D:1      | Borgoz the Gargoyle Berserker began the quest for the Orb.
     0 | D:1      | Reached XP level 1. HP: 14/14 MP: 1/1
   151 | D:1      | Reached XP level 2. HP: 16/19 MP: 2/2
   327 | D:1      | Reached XP level 3. HP: 23/23 MP: 3/3
   515 | D:1      | Reached ** piety under Trog
   528 | D:1      | Reached skill level 3 in Armour
  1121 | D:2      | Reached XP level 4. HP: 28/28 MP: 4/4
  1214 | D:2      | Found a glowing golden altar of the Shining One.
  1474 | D:2      | Reached *** piety under Trog
  2059 | D:2      | Reached XP level 5. HP: 18/32 MP: 5/5
  2654 | D:3      | Reached skill level 4 in Armour
  2919 | D:3      | Found an iron altar of Okawaru.
  3160 | D:4      | Reached XP level 6. HP: 36/37 MP: 6/6
  3292 | D:4      | Noticed a slave
  3295 | D:4      | Noticed Pikel
  3295 | D:4      | Noticed a slave
  3295 | D:4      | Noticed a slave
  3297 | D:4      | Noticed a slave
  3371 | D:4      | Found a shimmering blue altar of Sif Muna.
  3417 | D:5      | Entered Level 5 of the Dungeon
  3569 | D:5      | Found Meclupru's Jewellery Boutique.
  3575 | D:5      | Reached skill level 5 in Armour
  3575 | D:5      | Reached XP level 7. HP: 39/41 MP: 7/7
  4138 | D:5      | Got a steaming mace
  4139 | D:5      | Identified the +10 mace of World's End {crush, MR+} (You
                  | found it on level 5 of the Dungeon)
  4243 | D:5      | Reached skill level 5 in Long Blades
  4353 | D:5      | Found a basalt altar of Yredelemnul.
  4481 | D:5      | Found a burning altar of Makhleb.
  4481 | D:5      | Noticed a blizzard demon
  4674 | D:6      | Found Maubilel's Distillery.
  4681 | D:6      | Reached **** piety under Trog
  4694 | D:6      | Bought a potion of might for 48 gold pieces
  4717 | D:6      | Reached skill level 6 in Armour
  4717 | D:6      | Reached XP level 8. HP: 46/46 MP: 8/8
  5020 | D:6      | Reached skill level 5 in Dodging
  5267 | D:6      | Found an ancient bone altar of Kikubaaqudgha.
  5537 | D:7      | Noticed Duvessa
  5538 | D:7      | Noticed Dowan
  5548 | D:7      | Killed Duvessa
  5553 | D:7      | Killed Dowan
  5553 | D:7      | Reached skill level 7 in Armour
  5719 | D:7      | Found an ornate altar of the Wu Jian Council.
  5771 | D:7      | Noticed Harold
  5791 | D:7      | Killed Harold
  5791 | D:7      | Reached skill level 8 in Armour
  5791 | D:7      | Reached XP level 9. HP: 22/51 MP: 9/9
  6411 | D:7      | Found a staircase to the Ecumenical Temple.
  6850 | D:4      | Killed Pikel
  7062 | D:4      | Found a shadowy altar of Dithmenos.
  7219 | D:8      | Found a stormy altar of Qazlal.
  7283 | D:8      | Found a white marble altar of Elyvilon.
  7303 | D:8      | Found a shimmering altar of Xom.
  7361 | D:8      | Reached skill level 9 in Armour
  7361 | D:8      | Reached XP level 10. HP: 55/56 MP: 10/10
  7405 | D:8      | Noticed a two-headed ogre
  7413 | D:8      | Killed a two-headed ogre
  7757 | D:8      | Found a staircase to the Lair.
  8251 | D:9      | Found a sacrificial altar of Ru.
  8346 | D:9      | Noticed a two-headed ogre
  8356 | D:9      | Slain by a two-headed ogre

Levels and vault maps discovered:
D:1:      lightli_arrival_quake, layout_loops_ring, grunt_decor_cap
D:2:      layout_rooms, nicolae_overflow_hidden_temple, first_ration
D:3:      layout_rooms, lemuel_doored_altar
D:4:      layout_rooms, kennysheep_little_box,
          nicolae_dithmenos_through_a_glass_darkly, uniq_pikel
D:5:      layout_loops_ring, overflow_temple_1_default,
          makhleb_altar_promises_db, serial_shops, shop,
          minmay_fractal_squares_5
D:6:      layout_cave_pools, lemuel_zombie_altar_kikubaaqudgha, serial_shops,
          nicolae_shop_competitors_out_of_business
D:7:      layout_cave_pods, kennysheep_mini_moat, minmay_temple_entry_poolview,
          uniq_duvessa, uniq_harold
D:8:      layout_loops_ring, elyvilon_altar_1, old_standard_altar,
          xom_teletrap_fun, grunt_lair_entry_orc_guard_hut
D:9:      layout_irregular_city, nicolae_ru_path_of_blood,
          lemuel_coloured_pillars_altar, the_bakery, uniq_erolcha

Skill      XL: |  1  2  3  4  5  6  7  8  9 10 |
---------------+-------------------------------+-----
Long Blades    | 3 4 5 7 8 |  8.5
Dodging        | 2 3 4 6 7 |  7.4
Armour         | 3 4 5 6 8 9 |  9.7
Fighting       | |  3.2

Action                   |  1- 3 |  4- 6 |  7- 9 | 10-12 || total
-------------------------+-------+-------+-------+-------++-------
Melee: Falchion          |   123 |   176 |    55 |       ||   354
       Mace              |       |       |   154 |    55 ||   209
Throw: Throwing net      |       |       |     1 |     1 ||     2
Invok: Berserk           |       |     5 |     3 |       ||     8
Evoke: Wand              |       |     2 |       |       ||     2
  Use: Scroll            |       |     2 |     6 |       ||     8
 Stab: Held in net/web   |       |       |       |     1 ||     1
  Eat: Chunk             |     1 |    12 |     9 |     3 ||    25
       Ration            |       |       |     2 |       ||     2
Armor: Ring mail         |    60 |    81 |   107 |    15 ||   263
Dodge: Dodged            |    89 |   175 |   190 |    52 ||   506
       Rpst.: Falchion   |    28 |    53 |    11 |       ||    92

Table legend:
 A = Non-vault XP
 B = Vault XP
 C = Vault XP percentage of total XP
 D = Non-vault monster count
 E = Vault monster count
 F = Vault count percentage of total count
                 A         B        C        D         E       F
            +---------+---------+-------+---------+---------+-------
      Total |    3956 |    2778 |  41.3 |     161 |      15 |   8.5
            +---------+---------+-------+---------+---------+-------
        D:1 |      64 |       0 |   0.0 |      31 |       0 |   0.0
        D:2 |     150 |       0 |   0.0 |      36 |       0 |   0.0
        D:3 |      80 |       0 |   0.0 |      16 |       0 |   0.0
        D:4 |     253 |     641 |  71.7 |      16 |       1 |   5.9
        D:5 |     376 |      47 |  11.1 |       8 |       4 |  33.3
        D:6 |     847 |       1 |   0.1 |      18 |       1 |   5.3
        D:7 |     339 |    1236 |  78.5 |      17 |       3 |  15.0
        D:8 |    1362 |     853 |  38.5 |      11 |       6 |  35.3
        D:9 |     485 |       0 |   0.0 |       8 |       0 |   0.0
            +---------+---------+-------+---------+---------+-------
